Mecha, neutral female human Wizard ------------ --------- |..........| #........| |...........###########################*%###############|.......| ----- |......)...| # #-:).....| #+<..| -------|---- ### |.%d@%..| ###|...| # ##########..%.%)>.| ###....| # # ### ----.--|- 0### ----- # ### # ##### # # # ---------------- # ### #0### # # |..............| ## ## # ## |............... ### # --.--------- |..............| ##### # |...........##########...........0....####################### # # |..........| ##---------------- -------.--.--# |..........| #################0 |...>.......|# |..........| # |...#.......|# |...........####### |...........|# ------------ |............# ------------- Mecha the Thaumaturge Experience level: 7 Strength: 10 Dexterity: 14 Constitution: 16 Intelligence: 17 Wisdom: 7 Charisma: 11 Health: 0(55) Energy: 26(62) AC: 8 Gold: 233 Moves: 3330 Your Inventory: Coins $ - 233 gold pieces Weapons w - 8 [uncursed +0] daggers (in quiver) A - an [uncursed +1] dagger E - 3 [blessed +0] daggers F - a cursed [+0] runed dagger [elven] (weapon in hand) Armor b - an uncursed +0 cloak of magic resistance (being worn) q - an [uncursed] +0 iron skull cap [orcish helm] (being worn) x - an [uncursed +0] polished silver shield [of reflection] I - a [blessed +0] piece of cloth [cloak of protection] Comestibles o - an [uncursed] food ration u - an [uncursed] tin [of gecko meat] z - 2 [uncursed] fortune cookies Scrolls i - an uncursed scroll of identify j - an uncursed scroll of genocide k - an uncursed scroll of earth p - an [uncursed] scroll labeled HAPAX LEGOMENON [of gold detection] y - an [uncursed] scroll labeled ELAM EBOW [of enchant weapon] Spellbooks l - a blessed spellbook of force bolt m - an uncursed spellbook of knock Potions f - an uncursed potion of confusion g - an uncursed potion of water h - 2 uncursed potions of healing Rings d - an uncursed ring of slow digestion (on right hand) e - an uncursed +2 ring of increase accuracy (on left hand) B - an [uncursed] jade ring [of searching] Wands c - an uncursed wand of light (0:14) Tools n - an uncursed magic marker (0:70) G - 2 [uncursed wax] candles Gems v - an [uncursed] violet gem [worthless glass] C - an [uncursed] black gem [worthless glass] D - an [uncursed] red gem [worthless glass] H - an [uncursed] yellowish brown gem [worthless glass] Spells known in the end: Name Level Category Fail Memory a - force bolt 1 attack 0% [|||||||.] b - knock 1 matter 0% [|||||||.] Your skills at the end: Fighting Skills Weapon Skills dagger [Basic / Expert] quarterstaff [Basic / Expert] Spellcasting Skills attack spells [Basic / Expert] enchantment spells [Basic / Skilled] Final Attributes: You were piously aligned. Hunger level was 1337. Your alignment was 26 / 26. Monster difficulty range was 0 - 5. Level difficulty was 3. You were magic-protected. You were telepathic. You had a +2 bonus to hit. You had slower digestion. You were lucky (1). You are dead. Vanquished creatures: a dingo a gnome mummy a gnome lord a floating eye a kitten 2 dwarves 2 giant bats an orc zombie 3 dwarf zombies 2 iguanas an acid blob a gas spore 4 hobbits a large kobold 2 giant rats a cave spider a brown mold 14 gnomes a gnome zombie 5 geckos 4 jackals 2 foxes 3 goblins 3 sewer rats 10 grid bugs 5 lichens 7 newts 80 creatures vanquished. Voluntary challenges: You were an atheist. You were illiterate. You used a wielded weapon 115 times. You put on armor 2 times. You never genocided any monsters. You never polymorphed an object. You never changed form. You used no wishes. You never wrote Elbereth's name. You never encountered a bones level. You never used any Sokoban shortcuts. Dungeon overview: The Dungeons of Doom: levels 1 to 3 Level 1 a fountain, a sink a long staircase Level 3 <- You were here a sink stairs to The Gnomish Mines The Gnomish Mines: Level 4 stairs to The Dungeons of Doom History has recorded: On T:1 you entered the Dungeons of Doom to retrieve the Amulet of Yendor! On T:554 you advanced to experience level 2. On T:1022 you reached level 2 of The Dungeons of Doom. On T:1025 you advanced to experience level 3. On T:1402 you advanced to experience level 4. On T:1512 you advanced to experience level 5. On T:1740 you reached level 3 of The Dungeons of Doom. On T:2640 you reached level 1 of The Gnomish Mines. On T:2655 you advanced to experience level 6. On T:3240 you advanced to experience level 7. Latest messages: [HP+1=16] [HP+1=17] [HP+1=18] [HP+1=19] [HP+1=20] You kill the newt! [HP+1=21] You see here a newt corpse. You miss the little dog. The little dog bites! (2x) [HP-8=13] The spell hits the little dog. The little dog bites! [HP-4=9] The spell misses the little dog. The little dog bites! (2x) [HP-7=2] [HP+1=3] The little dog bites! You die... Final status: Goodbye Mecha the Wizard... You died in The Dungeons of Doom on dungeon level 3 with 2224 points, and 233 pieces of gold, after 3330 moves. You were level 7 with a maximum of 55 hit points when you died.